 Dungeon Crawl Stone Soup version 0.29.1-13-g9f3cf754e1 (webtiles) character file.

Game seed: 1834248754486247157

2 H0rd4k the Charlatan (level 1, -1/13 HPs)
             Began as an Octopode Artificer on Feb 7, 2023.
             Slain by a jackal (3 damage)
             ... on level 1 of the Dungeon.
             The game lasted 00:00:09 (15 turns).

H0rd4k the Charlatan (Octopode Artificer)             Turns: 15, Time: 00:00:09

Health: -1/13      AC:  1    Str: 11    XL:     1   Next: 40%
Magic:  1/1        EV: 13    Int: 13    God:
Gold:   0          SH:  0    Dex: 12    Spells: 0/0 levels left

rFire   . . .      SeeInvis .   (no weapon)
rCold   . . .      Faith    .   (no shield)
rNeg    . . .      Spirit   .   (helmet restricted)
rPois   .          Reflect  .   (no amulet)
rElec   .          Harm     .   (no ring)
rCorr   .          Rampage  .   (no ring)
Will    .....                   (no ring)
Stlth   +++.......              (no ring)
HPRegen 0.04/turn               (no ring)
MPRegen 0.07/turn               (no ring)
                                (no ring)
                                (no ring)

@: no status effects
A: almost no armour, amphibious, 8 rings, camouflage 1, gelatinous body 1,
(nimble swimmer 1), tentacles
a: no special abilities


You were on level 1 of the Dungeon.
You visited 1 branch of the dungeon, and saw 1 of its levels.

Inventory:

Wands
 b - a wand of flame (15) (quivered)
 c - a wand of charming (15)
 d - a wand of iceblast (5)


   Skills:
 * Level 1.2 Fighting
 - Level 2.3 Dodging
 - Level 1.3 Stealth
 * Level 0.3 Spellcasting
 - Level 3.2 Evocations


You couldn't memorise any spells.
You didn't know any spells.
Your spell library was empty.

Dungeon Overview and Level Annotations

Branches:
Dungeon (1/15)

Altars:


Innate Abilities, Weirdness & Mutations

You cannot wear most types of armour.
You are amphibious.
You can wear up to eight rings at the same time.
Your skin changes colour to match your surroundings (Stealth+).
Your rubbery body absorbs attacks. (AC +1, EV +1)
((You are camouflaged when in or above water. (Stealth+)))
You have tentacles for arms and can constrict up to eight enemies at once.


Message History

There are monsters nearby!
The jackal barks!
You tentacle-slap the jackal. You grab the jackal.
The jackal is lightly wounded.
You constrict the jackal, but do no damage.
You hear a bark!
You hear an angry hiss.
The jackal barely misses you.
There are monsters nearby!
You tentacle-slap the jackal.
The jackal is heavily wounded.
You constrict the jackal. The jackal bites you.
The jackal completely misses you.
You tentacle-slap the jackal.
You kill the jackal!
The jackal closely misses you. The jackal misses you.
The jackal closely misses you. The jackal bites you.
The jackal closely misses you. The jackal attacks as you move away!
The jackal misses you. The jackal bites you.
You tentacle-slap the jackal but do no damage.
You grab the jackal.
You squeeze the jackal, but do no damage.
You constrict the jackal, but do no damage.
The jackal bites you.
* * * LOW HITPOINT WARNING * * *
You barely miss the jackal. You constrict the jackal. The jackal misses you.
You tentacle-slap the jackal. Your squeeze misses the jackal.
The jackal is severely wounded.
You constrict the jackal. The jackal bites you.
* * * LOW HITPOINT WARNING * * *
The jackal barely misses you.
You tentacle-slap the jackal but do no damage.
The jackal is almost dead.
You constrict the jackal.
You kill the jackal!
A jackal comes into view.
You closely miss the jackal.
The jackal barks!
Your grab misses the jackal. The jackal misses you. The jackal bites you.
You die...

...>..!##
.......#
......#
.....# ..
.h..####.
...
#†.......
... #....#
..#
##h!..#
#.#
##@###...#
#.###.##
#...
#.#.## ##
#<## #.#.#
#.# #.#
#.# #.#
..# #..
... ...


You could see 2 jackals.

Vanquished Creatures
  2 jackals (D:1)
2 creatures vanquished.

Notes
Turn   | Place    | Note
-------+----------+-------------------------------------------
     0 | D:1      | H0rd4k the Octopode Artificer began the quest for the Orb.
     0 | D:1      | Reached XP level 1. HP: 13/13 MP: 1/1
    15 | D:1      | Slain by a jackal

Illustrated notes

Levels and vault maps discovered:
D:1:      roderic_crossed_star, layout_rooms, shapermc_ecumenical_altar_venn,
          serial_curves, eino_curves_02, eino_curves_02, eino_curves_02,
          eino_curves_02, dreamdust_princess_bridge

Action                   || total
-------------------------++-------
Melee: Unarmed           ||     8
       Constrict         ||     2
       Tentacles         ||     1
Dodge: Dodged            ||    10
